 Dungeon Crawl Stone Soup version 0.18.1-8-gdd0e5ea (webtiles) character file.

4263 Scarto the Skirmisher (level 10, -7/80 HPs)
             Began as a Demonspawn Fighter on May 25, 2016.
             Killed by the air
             ... invoked by Gastronok
              (24 damage)
             ... on level 8 of the Dungeon.
             The game lasted 00:14:26 (6652 turns).

Scarto the Skirmisher (Demonspawn Fighter)          Turns: 6652, Time: 00:14:27

Health: -7/80      AC: 15    Str: 19    XL:     10   Next: 10%
Magic:  0/10       EV:  5    Int: 11    God:    Xom [....*.]
Gold:   398        SH: 12    Dex: 16    Spells: 0 memorised, 9 levels left

rFire  . . .     SeeInvis .     a - +2 war axe
rCold  . . .     Gourm    .     e - +0 plate armour
rNeg   . . .     Faith    .     c - +1 shield
rPois  +         Spirit   +     b - +1 helmet
rElec  .         Dismiss  .     (no cloak)
rCorr  .         Reflect  .     (no gloves)
SustAt .         Harm     .     (boots unavailable)
MR     .....                    s - amulet of guardian spirit
Stlth  ..........               (no ring)
                                k - ring of poison resistance

@: not resistant to hostile enchantments, extremely unstealthy
A: hooves 3, thin skeletal structure 2, nightstalker 1, powered by death 2
a: Renounce Religion


You were on level 8 of the Dungeon.
You worshipped Xom.
You were a beloved toy of Xom.
You were not hungry.

You visited 1 branch of the dungeon, and saw 8 of its levels.

You collected 398 gold pieces.

Inventory:

Hand Weapons
 a - a +2 war axe (weapon)
 r - a +3 flail of protection
Missiles
 A - 2 tomahawks (quivered)
Armour
 b - a +1 helmet (worn)
 c - a +1 shield (worn)
 e - a +0 plate armour (worn)
Jewellery
 k - a ring of poison resistance (left hand)
 s - an amulet of guardian spirit (around neck)
Wands
 u - a wand of slowing (32/48)
 w - a wand of digging (14/24)
 y - a wand of lightning (4/15)
Scrolls
 i - a scroll of teleportation
 q - 8 scrolls of remove curse
 t - a scroll of noise
 v - a scroll of enchant armour
Potions
 d - 2 potions of curing
 f - 3 potions of flight {unknown}
 l - 3 potions of haste {unknown}
 m - a potion of mutation {unknown}
 o - a potion of berserk rage
 p - 3 potions of cancellation
Comestibles
 g - 3 fruits
 h - 5 meat rations
 j - a beef jerky
 n - a slice of pizza
 x - 8 chunks of flesh
 z - a bread ration


   Skills:
 + Level 7.8 Fighting
 + Level 7.0 Axes
 + Level 7.1 Armour
 + Level 2.5 Dodging
 + Level 7.0 Shields


You had 9 spell levels left.
You didn't know any spells.

Dungeon Overview and Level Annotations

Branches:
Dungeon (8/15)             Temple (0/1) D:5
   Lair: D:8-11

Altars:
Ashenzari
Dithmenos
Okawaru
Pakellas
Ru
Trog
Vehumet
Xom
Zin

Shops:
D:6 [(=

Annotations:
D:8 Gastronok


Innate Abilities, Weirdness & Mutations

You have hooves in place of feet.
You have a moderately thin skeletal structure (Dex +4, Stealth+).
You are slightly more attuned to the shadows.
You regenerate health from kills.


Message History

Gastronok is moderately wounded.
Drink which item? (? for menu, Esc to quit)
You feel better. Gastronok bites you!
You slash Gastronok! You kick Gastronok.
Gastronok is moderately wounded.
You hit Gastronok. You kick Gastronok.
Gastronok is moderately wounded. "Serve the mortal, my child!"
You block Gastronok's attack.
You slash Gastronok! You kick Gastronok.
Gastronok is heavily wounded.
Your crimson imp hits Gastronok but does no damage.
Gastronok bites you!
* * * LOW HITPOINT WARNING * * *
Your crimson imp hits Gastronok.
Your crimson imp hits Gastronok.
Gastronok waves his eye-stalks in wide circles.
The air twists around and strikes you!
You die...
Xom titters!

.............#.........
..............######.##.#
..............##..##.##.#
....##....##..#...'.....#
....##....##..+...#.....+
..............##..###...#
..............##'######+#
...../.............#
.....§§§@..........#
....##§...######...# ....
#w5..# #...# ... ......#
##### .. .......+
........# ..##....# ###
#....#


You could see Gastronok and a friendly crimson imp.

Vanquished Creatures
  Pikel (D:4)
  The ghost of Scarto the Skirmisher, a novice DsBe of Trog (D:5)
  Prince Ribbit (D:6)
  Grinder (D:3)
  Menkaure (D:6)
  Edmund (D:6)
  Duvessa (D:7)
  2 ice beasts
  A slave (D:4)
  2 orc warriors (D:6)
  An ogre (D:7)
  2 phantoms
  The ghost of Rationalist the Chopper, an amateur DsBe of Trog (D:3)
  2 centaurs
  2 big kobolds
  3 giant frogs
  Dowan (D:7)
  2 scorpions
  2 howler monkeys (D:4)
  5 crimson imps
  A centaur zombie (D:6)
  2 giant frog skeletons
  3 hounds
  A gnoll shaman (D:5)
  9 orc priests
  8 orc wizards
  Ijyb (D:2)
  3 iguanas (D:4)
  3 worker ants
  A hound zombie (D:6)
  A worker ant zombie (D:7)
  8 gnolls
  6 adders
  2 shadow imps (D:6)
  A white imp (D:5)
  An adder zombie (D:6)
  A worm (D:2)
  A dart slug (D:2)
  6 giant geckos
  14 orcs
  3 ball pythons
  6 giant cockroaches
  15 goblins
  4 hobgoblins
  7 jackals
  2 quokkas
  5 bats
  7 giant newts
  13 kobolds
  A quokka skeleton (D:6)
  8 rats
177 creatures vanquished.

Vanquished Creatures (others)
  2 slaves (D:4)
  An orc wizard (D:7)
  A giant newt (D:4)
4 creatures vanquished.

Grand Total: 181 creatures vanquished

Notes
Turn   | Place    | Note
--------------------------------------------------------------
     0 | D:1      | Scarto the Demonspawn Fighter began the quest for the Orb.
     0 | D:1      | Reached XP level 1. HP: 18/18 MP: 1/1
   528 | D:1      | Gained mutation: You have a somewhat thin skeletal structure (Dex +2, Stealth). [demonic ancestry]
   528 | D:1      | Reached XP level 2. HP: 14/24 MP: 2/2
   697 | D:2      | Reached XP level 3. HP: 14/29 MP: 3/3
  1262 | D:2      | Gained mutation: You have large cloven feet. [demonic ancestry]
  1262 | D:2      | Reached XP level 4. HP: 31/35 MP: 4/4
  1291 | D:2      | Noticed Ijyb
  1323 | D:2      | Killed Ijyb
  1527 | D:3      | Noticed an ice beast
  1546 | D:3      | Killed an ice beast
  1546 | D:3      | Gained mutation: You have hoof-like feet. [demonic ancestry]
  1546 | D:3      | Reached XP level 5. HP: 15/42 MP: 5/5
  1891 | D:3      | Noticed Rationalist's ghost (amateur DsBe)
  1899 | D:3      | Killed Rationalist's ghost
  1899 | D:3      | Gained mutation: You regenerate a little health from kills. [demonic ancestry]
  1899 | D:3      | Reached XP level 6. HP: 29/48 MP: 6/6
  1906 | D:3      | Found a radiant altar of Vehumet.
  2424 | D:3      | Found a faded altar to an unknown god.
  2430 | D:3      | Noticed Grinder
  2432 | D:3      | Became a worshipper of Xom of Chaos
  2434 | D:3      | Paralysed by Grinder for 2 turns
  2440 | D:3      | Paralysed by Grinder for 7 turns
  2452 | D:3      | Paralysed by Grinder for 6 turns
  2458 | D:3      | XOM: potion effect (magic)
  2461 | D:3      | XOM: harmless Tloc miscast
  2473 | D:3      | XOM: harmless Ice miscast
  2477 | D:3      | Killed Grinder
  2547 | D:4      | Found an oddly glowing altar of Pakellas.
  2555 | D:4      | Gained mutation: You regenerate health from kills. [demonic ancestry]
  2555 | D:4      | Reached XP level 7. HP: 52/55 MP: 7/7
  2610 | D:4      | XOM: harmless Divn miscast
  2615 | D:4      | XOM: silly message
  2634 | D:4      | XOM: divination: magic mapping
  2796 | D:4      | XOM: potion effect (haste)
  2800 | D:4      | Noticed Pikel
  2803 | D:4      | Reached skill level 5 in Fighting
  2813 | D:4      | XOM: divination: magic mapping
  2822 | D:4      | XOM: divination: detect items
  2824 | D:4      | XOM: mild Air miscast
  2832 | D:4      | XOM: mild Necr miscast
  2841 | D:4      | Killed Pikel
  2841 | D:4      | Reached skill level 5 in Armour
  2841 | D:4      | Reached skill level 5 in Shields
  2841 | D:4      | Gained mutation: You are slightly more attuned to the shadows. [demonic ancestry]
  2841 | D:4      | Reached XP level 8. HP: 43/64 MP: 3/8
  2928 | D:4      | Reached skill level 5 in Axes
  2930 | D:4      | Found a glowing silver altar of Zin.
  3526 | D:4      | XOM: colour smoke trail
  3633 | D:4      | Found a sacrificial altar of Ru.
  3636 | D:4      | Found a bloodstained altar of Trog.
  3639 | D:4      | Found a shadowy altar of Dithmenos.
  3730 | D:5      | Entered Level 5 of the Dungeon
  3733 | D:5      | XOM: polymorph jelly -> scorpion
  3747 | D:5      | XOM: potion effect (brilliance)
  3869 | D:5      | XOM: polymorph crimson imp -> white imp
  3876 | D:5      | Found a shattered altar of Ashenzari.
  3901 | D:5      | Noticed Scarto's ghost (novice DsBe)
  3927 | D:5      | Killed Scarto's ghost
  3927 | D:5      | Gained mutation: You have a moderately thin skeletal structure (Dex +4, Stealth+). [demonic ancestry]
  3927 | D:5      | Reached XP level 9. HP: 18/71 MP: 2/9
  4457 | D:5      | Found a staircase to the Ecumenical Temple.
  4498 | D:5      | XOM: scenery: 2 fountains blood, 3 doors close
  4692 | D:6      | XOM: silly message
  4744 | D:6      | Noticed Prince Ribbit
  4806 | D:6      | Killed Prince Ribbit
  4848 | D:6      | Noticed Menkaure
  4854 | D:6      | Killed Menkaure
  4937 | D:6      | Noticed Edmund
  4970 | D:6      | Killed Edmund
  4970 | D:6      | Reached skill level 1 in Dodging
  4991 | D:6      | XOM: harmless Summ miscast
  5003 | D:6      | XOM: divination: detect items
  5073 | D:6      | Found Zulayg's Armour Shop.
  5249 | D:6      | XOM: vitrification
  5414 | D:6      | XOM: 3-stop teleportation journey
  5558 | D:6      | Found Okkichun's Jewellery Shoppe.
  5618 | D:6      | Found Sorog's Weapon Shoppe.
  5804 | D:6      | XOM: god gift: 41 gold pieces
  5807 | D:6      | XOM: vitrification
  5987 | D:7      | Noticed Duvessa
  5987 | D:7      | Noticed Dowan
  6003 | D:7      | Killed Duvessa
  6011 | D:7      | Killed Dowan
  6174 | D:7      | Gained mutation: You have hooves in place of feet. [demonic ancestry]
  6174 | D:7      | Reached XP level 10. HP: 54/80 MP: 6/10
  6288 | D:7      | Found an iron altar of Okawaru.
  6631 | D:8      | XOM: colour smoke trail
  6634 | D:8      | Noticed Gastronok
  6640 | D:8      | XOM: smoke on damage
  6649 | D:8      | XOM: summons friendly crimson imp
  6652 | D:8      | Killed from afar by Gastronok

Skill      XL: |  1  2  3  4  5  6  7  8  9 10 |
---------------+-------------------------------+-----
Axes           | 2 3 4 5 6 7 |  7.0
Armour         | 3 4 5 6 7 |  7.1
Shields        | 3 4 5 6 7 |  7.0
Fighting       | 4 5 6 7 |  7.8
Dodging        | 2 |  2.5

Action                   |  1- 3 |  4- 6 |  7- 9 | 10-12 || total
-------------------------+-------+-------+-------+-------++-------
Melee: War axe           |   141 |   131 |   482 |    63 ||   817
       Kick              |       |    40 |   182 |    22 ||   244
  Use: Scroll            |       |     2 |     9 |     1 ||    12
       Potion            |       |     3 |     3 |     2 ||     8
  Eat: Chunk             |     1 |       |       |     1 ||     2
       Bread ration      |       |     1 |     3 |       ||     4
       Fruit             |       |       |     1 |       ||     1
Armor: Scale mail        |    28 |       |       |       ||    28
       Chain mail        |    73 |    82 |   173 |       ||   328
       Plate armour      |       |       |    82 |    30 ||   112
Dodge: Dodged            |    37 |    26 |    80 |     6 ||   149
Block: Shield            |    94 |    80 |   302 |    35 ||   511
